 Dungeon Crawl Stone Soup version 0.29.0-4-gdea44cf6ec (webtiles) character file.

Game seed: 9058494473733369931

35 qw the Chopper (level 3, -7/21 HPs)
             Began as a Tengu Warper on Aug 28, 2022.
             Mangled by Sigmund
             ... wielding a +0 scythe
              (8 damage)
             ... on level 2 of the Dungeon.
             The game lasted 00:00:05 (951 turns).

qw the Chopper (Tengu Warper)                        Turns: 951, Time: 00:00:06

Health: -7/21      AC:  5    Str: 13    XL:     3   Next: 33%
Magic:  7/7        EV: 11    Int: 13    God:
Gold:   126        SH:  0    Dex: 13    Spells: 6/6 levels left

rFire   . . .      SeeInvis .   Y - +0 hand axe
rCold   . . .      Faith    .   (no shield)
rNeg    . . .      Spirit   .   j - +0 ring mail
rPois   .          Reflect  .   (helmet restricted)
rElec   .          Harm     .   (no cloak)
rCorr   .          Rampage  .   (no gloves)
Will    .....                   (boots unavailable)
Stlth   +.........              (no amulet)
HPRegen 0.07/turn               (no ring)
MPRegen 0.10/turn               (no ring)

@: no status effects
A: beak, talons 3
a: no special abilities


You were on level 2 of the Dungeon.
You visited 1 branch of the dungeon, and saw 2 of its levels.

You collected 126 gold pieces.


Innate Abilities, Weirdness & Mutations

You have a beak for a mouth.
You have claws for feet.


   Skills:
 - Level 2.0 Fighting
 + Level 4.0 Axes
 - Level 1.0 Throwing
 - Level 1.1 Armour
 - Level 2.1 Dodging
 - Level 2.0 Spellcasting
 - Level 2.4 Translocations


You had 6 spell levels left.
You didn't know any spells.
Your spell library contained the following spells:

 Spells                   Type           Power      Damage    Failure   Level
 Blink                    Tloc           14%        N/A       30%         2
 Gell's Gravitas          Tloc           7%         N/A       52%         3
 Lesser Beckoning         Tloc           7%         N/A       52%         3
 Teleport Other           Tloc           7%         N/A       52%         3
 Manifold Assault         Tloc           7%         N/A       99%         5

Inventory:

Hand Weapons
 m - a +0 whip
 Y - a +0 hand axe (weapon)
Missiles
 k - 4 boomerangs (quivered)
Armour
 j - a +0 ring mail (worn)
Potions
 f - a potion of heal wounds {unknown}
 g - a potion of haste {unknown}
 h - 3 potions of curing
 l - a potion of resistance {unknown}

Dungeon Overview and Level Annotations

Branches:
Dungeon (2/15)

Altars:

Annotations:
D:2 Sigmund


Message History

Found a stone staircase leading down.
Sigmund shouts!
A rat comes into view.
940 ||| Stepping ~*~*~tactically~*~*~ (hiding).
You now have 126 gold pieces (gained 14).
You start waiting.
The giant cockroach bites you but does no damage.
You hit the giant cockroach but do no damage.
Your kick misses the giant cockroach.
The giant cockroach bites you but does no damage.
You hit the giant cockroach but do no damage.
The giant cockroach bites you but does no damage.
Sigmund gestures wildly while chanting.
Sigmund flickers and vanishes!
Deactivating autopickup; reactivate with Ctrl-A.
You barely miss the giant cockroach.
You peck the giant cockroach, but do no damage.
The giant cockroach bites you. The giant cockroach misses you.
A quokka comes into view.
You closely miss the rat. Your kick misses the rat. You peck the rat.
You kill the rat!
You hit the giant cockroach but do no damage.
Something hits you but does no damage.
The giant cockroach bites you but does no damage.
The quokka twitches its whiskers.
You hit the giant cockroach but do no damage.
You claw the giant cockroach. You peck the giant cockroach.
You kill the giant cockroach!
Something hits you!
Ouch! That really hurt!
You barely miss the quokka. Your kick misses the quokka.
The quokka barely misses you. The quokka closely misses you.
Something hits you.
You barely miss the quokka. The quokka bites you.
You hit the quokka. You claw the quokka.
You kill the quokka!
Something hits you.
You swing at nothing.
Something hits you!
You die...

.r .........##. #@
.........##. #.
.........##..#.
.........# #.#.
.........# #...#########
.........+ #{%@....>..
#........#####.%##.##.##
#.....<......?%...#
#.###.##..#....#B.#
#.....#....# .#
#..#.####..# .#.#
#..........#.....
#...#..........#
#.#####..#.#####


There were no monsters in sight!

Vanquished Creatures
  A dart slug (D:2)
  4 bats
  2 endoplasms (D:1)
  A giant cockroach (D:2)
  5 goblins (D:1)
  2 hobgoblins (D:1)
  4 jackals (D:1)
  A quokka (D:2)
  4 ball pythons (D:1)
  A frilled lizard (D:1)
  3 rats
28 creatures vanquished.

Notes
Turn   | Place    | Note
-------+----------+-------------------------------------------
     0 | D:1      | qw the Tengu Warper began the quest for the Orb.
     0 | D:1      | Reached XP level 1. HP: 12/12 MP: 4/4
     0 | D:1      | 0 ||| qw: Version: 0.1-a-89-g26bdef1
     0 | D:1      | 0 ||| qw: Game counter: 1795
     0 | D:1      | 0 ||| qw: Always use a shield: true
     0 | D:1      | 0 ||| qw: God list: Okawaru
     0 | D:1      | 0 ||| qw: Allow faded altars: false
     0 | D:1      | 0 ||| qw: Do Orc after D:15 true
     0 | D:1      | 0 ||| qw: Do second Lair branch before Depths: true
     0 | D:1      | 0 ||| qw: Lair rune preference: random
     0 | D:1      | 0 ||| qw: Plans: Normal
     0 | D:1      | 0 ||| PLANNING D:1-11
   124 | D:1      | 124 ||| Stepping ~*~*~tactically~*~*~ (stealth).
   127 | D:1      | 127 ||| Stepping ~*~*~tactically~*~*~ (stealth).
   133 | D:1      | Reached XP level 2. HP: 17/17 MP: 6/6
   135 | D:1      | Reached skill level 3 in Axes
   204 | D:1      | 204 ||| Stepping ~*~*~tactically~*~*~ (stealth).
   601 | D:1      | Reached XP level 3. HP: 21/21 MP: 7/7
   772 | D:1      | 772 ||| DROPPING +0 club.
   891 | D:1      | 891 ||| UPGRADING to +0 ring mail.
   901 | D:1      | 901 ||| DROPPING +0 leather armour.
   902 | D:1      | 902 ||| READING scroll labelled MOLEAR VIBBOW.
   903 | D:1      | 903 ||| DRINKING 4 sedimented amethyst potions.
   904 | D:1      | 904 ||| DRINKING 3 smoky clear potions.
   905 | D:1      | 905 ||| DROPPING scroll of blinking.
   906 | D:1      | 906 ||| DROPPING 2 potions of attraction.
   939 | D:2      | Reached skill level 4 in Axes
   939 | D:2      | Noticed Sigmund
   940 | D:2      | 940 ||| Stepping ~*~*~tactically~*~*~ (hiding).
   949 | D:2      | HP: 5/21 [quokka (3)]
   950 | D:2      | HP: 1/21 [something (4)]
   951 | D:2      | Mangled by Sigmund

Levels and vault maps discovered:
D:1:      dpeg_arrival_rhombus, layout_rooms, kennysheep_minor_cross,
          minmay_unequal
D:2:      layout_basic, dreamdust_ecumenical_altar_drowned_temple, st_stairs_10,
          dk_noncrumbling_4, amcnicky_mini_rare_corridor_liquid, uniq_terence,
          uniq_sigmund

Skill      XL: |  1  2  3 |
---------------+----------+-----
Axes           | 3 4 |  4.0
Fighting       | |  2.0
Throwing       | |  1.0
Armour         | |  1.1
Dodging        | |  2.1
Spellcasting   | |  2.0
Translocations | |  2.4

Action                   || total
-------------------------++-------
Melee: Hand axe          ||    56
       Peck              ||     7
       Kick              ||    11
Throw: Boomerang         ||    11
  Use: Potion            ||     2
       Scroll            ||     1
Armor: Leather armour    ||     9
       Ring mail         ||     7
Dodge: Dodged            ||    21

Table legend:
 A = Non-vault XP
 B = Vault XP
 C = Vault XP percentage of total XP
 D = Non-vault monster count
 E = Vault monster count
 F = Vault count percentage of total count
                 A         B        C        D         E       F
            +---------+---------+-------+---------+---------+-------
      Total |      47 |       3 |   6.0 |      26 |       2 |   7.1
            +---------+---------+-------+---------+---------+-------
        D:1 |      37 |       3 |   7.5 |      21 |       2 |   8.7
        D:2 |      10 |       0 |   0.0 |       5 |       0 |   0.0
            +---------+---------+-------+---------+---------+-------
